 Dungeon Sprint DCSS version 0.30-a0-737-gf23d94013f (webtiles) character file.

Game seed: 14058797792334683437

163 rocky1 the Trooper (level 5, -7/61 HPs)
             Began as an Ogre Gladiator on Feb 3, 2023.
             Succumbed to an orc's poison
             ... in the Dungeon (Sprint IX: "|||||||||||||||||||||||||||||").
             The game lasted 00:01:10 (104 turns).

rocky1 the Trooper (Ogre Gladiator)                  Turns: 104, Time: 00:01:10

Health: -7/61      AC:  3    Str: 20    XL:     5   Next: 44%
Magic:  5/5        EV: 11    Int:  9    God:
Gold:   0          SH:  0    Dex: 10    Spells: 4/4 levels left

rFire   . . .      SeeInvis .    a - +0 flail
rCold   . . .      Faith    .    (no shield)
rNeg    . . .      Spirit   .    b - +0 robe
rPois   .          Reflect  .    c - +0 hat
rElec   .          Harm     .    (no cloak)
rCorr   .          Rampage  .    (gloves unavailable)
Will    .....      NoTele   +    (boots unavailable)
Stlth   +                        (no amulet)
HPRegen 0.30/turn                (no ring)
MPRegen 0.09/turn                (no ring)

@: lethally poisoned (-7 -> -39), on berserk cooldown, slowed, very slow
A: large, unfitting armour, tough skin 1
a: no special abilities


You were in the Dungeon.
You visited 1 branch

Inventory:

Hand Weapons
 a - a +0 flail (weapon)
Missiles
 e - a large rock (quivered)
Armour
 b - a +0 robe (worn)
 c - a +0 hat (worn)
Scrolls
 k - a scroll of blinking
Potions
 h - a potion of haste
 i - 2 potions of magic


   Skills:
 + Level 6.7 Fighting
 * Level 6.7 Maces & Flails
 - Level 2.0 Throwing
 + Level 3.7 Armour
 + Level 5.1 Dodging


You had 4 spell levels left.
You didn't know any spells.
Your spell library was empty.

Dungeon Overview and Level Annotations

Branches:
Dungeon (1/1)

Altars:


Innate Abilities, Weirdness & Mutations

You are too large for most types of armour.
You have tough skin. (AC +1)


Message History

The scorpion poisons you!
You hit the scorpion but do no damage.
The scorpion is almost dead.
You feel very sick.
The scorpion stings you but does no damage.
The scorpion stings you.
* * * LOW HITPOINT WARNING * * *
Unknown command.
You feel better. The scorpion stings you. The scorpion closely misses you.
Throw: throwing net
Press: ? - help, Q - select action, (/) - cycle Shift-Dir - straight line, f - scorpion
Aim: a scorpion (almost dead, 59% to hit)
You throw a throwing net. The throwing net hits the scorpion.
The scorpion is caught in the net!
The scorpion is almost dead.
The scorpion struggles against the net.
You thump the scorpion!
You kill the scorpion!
The orc hits you with a +0 mace of venom.
* * * LOW HITPOINT WARNING * * *
You are poisoned.
Your Fighting skill increases to level 6!
Your Maces & Flails skill increases to level 6!
Your Dodging skill increases to level 5!
You have reached level 5!
Unknown command.
You hit the orc.
The orc is heavily wounded.
* * * LOW HITPOINT WARNING * * *
You feel very sick. The orc hits you but does no damage.
You are lethally poisoned!
The orc hits you with a +0 mace of venom!
* * * LOW HITPOINT WARNING * * *
You are more poisoned.
Unknown command.
Okay, then.
You barely miss the orc.
The orc is heavily wounded.
You die...

▓+▓
▓.▓
▓.▓
▓.▓
▓.▓
▓o▓
▓@▓
▓.▓
▓.▓
▓.▓
▓.▓
▓.▓
▓)▓
▓.▓
▓.▓


You could see an orc.

Vanquished Creatures
  An ogre (D)
  A scorpion (D)
  An adder (D)
  An ufetubus (D)
  A bat (D)
  A quokka (D)
  2 ball pythons (D)
  A kobold (D)
9 creatures vanquished.

Notes
Turn   | Place    | Note
-------+----------+-------------------------------------------
     0 | D        | rocky1 the Ogre Gladiator began the quest for the Orb.
     0 | D        | Reached XP level 1. HP: 22/22 MP: 1/1
    35 | D        | Reached skill level 1 in Armour
    75 | D        | Noticed a scorpion
    75 | D        | Noticed an ogre
    83 | D        | Reached XP level 2. HP: 9/32 MP: 2/2
    88 | D        | Killed an ogre
    89 | D        | Reached skill level 5 in Fighting
    89 | D        | Reached skill level 5 in Maces & Flails
    89 | D        | Reached XP level 3. HP: 44/44 MP: 3/3
    89 | D        | Reached XP level 4. HP: 52/52 MP: 4/4
   102 | D        | Killed a scorpion
   103 | D        | Reached skill level 5 in Dodging
   103 | D        | Reached XP level 5. HP: 14/61 MP: 5/5
   104 | D        | Succumbed to an orc's poison

Illustrated notes

Levels and vault maps discovered:
D:        linesprint [early_d, line_temple, items_1, d_10, items_2, lair_1,
          lair_end, items_3, orc_1, orc_end, items_4, d_15, swamp_1, shoals_1,
          snake_1, spider_1, d_20, vaults_1, items_5, swamp_end, shoals_end,
          snake_end, spider_end, vaults_end, d_27, items_6, zot_1, zot_end,
          crypt_end, forest_end, elf_end, slime_end, tomb_end, abyss_end,
          pan_hell_end]

Skill      XL: |  1  2  3  4 |
---------------+-------------+-----
Fighting       | 3 5 6 |  6.7
Maces & Flails | 3 5 6 |  6.7
Dodging        | 3 4 5 |  5.1
Armour         | 1 3 |  3.7
Throwing       | |  2.0

Action                     |  1- 3 |  4- 6 || total
---------------------------+-------+-------++-------
  Melee: Flail             |    39 |    14 ||    53
  Throw: Throwing net      |     2 |     1 ||     3
    Use: Potion            |     2 |     1 ||     3
   Stab: Held in net/web   |     1 |       ||     1
 Armour: Robe              |    13 |     4 ||    17
  Dodge: Dodged            |    33 |     5 ||    38

Table legend: (Time is in decaauts)
 A = Elapsed time spent in this place.
 B = Non-inter-level travel time spent in this place.
 C = Inter-level travel time spent in this place.
 D = Time resting spent in this place.
 E = Time spent auto-exploring this place.
 F = Levels seen in this place.
 G = Mean time per level.
                   A        B        C        D        E       F      G
               +--------+--------+--------+--------+--------+-----+--------+
         Total |    113 |    113 |      0 |     34 |      0 |   1 |  113.0 |
       Dungeon |    113 |    113 |      0 |     34 |      0 |   1 |  113.0 |
               +--------+--------+--------+--------+--------+-----+--------+

Top non-repeatable levels by time:
       D: 113 daAuts
